 Dungeon Crawl Stone Soup version 0.28-a0-1199-gef9e1dbd39 (webtiles) character file.

Game seed: 17861984425842292438

103786 klvnl the Unseen (level 15, -2/70 HPs)
             Began as a Spriggan Enchanter on Dec 19, 2021.
             Was the Champion of Dithmenos.
             Killed by divine providence
             ... invoked by an orc priest
              (12 damage)
             ... on level 2 of the Orcish Mines.
             The game lasted 01:47:34 (32350 turns).

klvnl the Unseen (Spriggan Enchanter)              Turns: 32350, Time: 01:47:34

Health: -2/70      AC:  9    Str: 14    XL:     15   Next: 90%
Magic:  17/36      EV: 44    Int: 17    God:    Dithmenos [******]
Gold:   2466       SH:  0    Dex: 24    Spells: 36/46 levels left

rFire   . . .      SeeInvis +   g - +8 dagger of the Wasp {vorpal, Dex+7}
rCold   + . .      Faith    .   (shield restricted)
rNeg    . . .      Spirit   .   w - +2 robe {rC+}
rPois   .          Reflect  .   G - +2 hat
rElec   .          Harm     .   v - +2 cloak
rCorr   .          Rampage  .   (gloves unavailable)
Will    ++...      Rage     1%  (boots unavailable) Stlth ****++++++
                                Y - amulet "Fibburir" {RegenMP Str+4}
HPRegen 0.21/turn               K - ring of the Hare {EV+8}
MPRegen 0.65/turn               b - +4 ring of evasion

@: wreathed by umbra, very quick
A: very small, no large weapons, unfitting armour, see invisible, speed 3,
berserk 1, frail 1
a: Renounce Religion, Shadow Step, Shadow Form


You were on level 2 of the Orcish Mines.
You worshipped Dithmenos.
Dithmenos was exalted by your worship.
You visited 4 branches of the dungeon, and saw 24 of its levels.
You also visited: Bailey, Gauntlet and Volcano.

You collected 2651 gold pieces.
You spent 185 gold pieces at shops.

Inventory:

Hand Weapons
 a - a +1 dagger
 c - a +0 rapier
 e - a +4 short sword of speed
 g - the +8 dagger of the Wasp (weapon) {vorpal, Dex+7}
   (You found it on level 9 of the Dungeon)

   It inflicts extra damage upon your enemies.
   Dex:       It affects your dexterity (+7).
 p - a +0 dagger of venom
 H - a +2 dagger of holy wrath
 T - the +11 rapier "Spriggan's Death" {elec, Fragile rN+ rCorr Dex+4}
   (You found it on level 1 of the Lair of Beasts)

   It occasionally discharges a powerful burst of electricity upon striking a
   foe.
   Dex:       It affects your dexterity (+4).
   rN:        It protects you from negative energy.
   rCorr:     It protects you from acid and corrosion.
   Fragile:   It will be destroyed if unequipped.
Missiles
 k - 7 throwing nets (quivered)
 m - 95 poisoned darts
 s - 6 atropa-tipped darts
 D - 4 datura-tipped darts
 F - 4 curare-tipped darts
Armour
 d - a scarf of repulsion
 v - a +2 cloak (worn)
 w - a +2 robe of cold resistance (worn)
 G - a +2 hat (worn)
 V - a +0 cloak of fire resistance
Jewellery
 b - a +4 ring of evasion (right hand)
 h - a ring of flight
 B - a ring of poison resistance
 J - a ring of ice
 K - the ring of the Hare (left hand) {EV+8}
   (You found it in a Gauntlet)

   [ring of evasion]

   EV:        It affects your evasion (+8).
 W - the ring "Odexop" {AC+4 Str-4 Dex+4 SInv}
   (You found it on level 5 of the Lair of Beasts)

   [ring of protection]

   AC:        It affects your AC (+4).
   Str:       It affects your strength (-4).
   Dex:       It affects your dexterity (+4).
   SInv:      It lets you see invisible.
 Y - the amulet "Fibburir" (around neck) {RegenMP Str+4}
   (You found it on level 6 of the Lair of Beasts)

   [amulet of magic regeneration]

   It increases your rate of magic regeneration.
   Str:       It affects your strength (+4).
Wands
 f - a wand of paralysis (6)
 x - a wand of mindburst (10)
 M - a wand of flame (7)
 O - a wand of polymorph (3)
 R - a wand of charming (4)
Scrolls
 o - 2 scrolls of fear
 A - 12 scrolls of teleportation
 C - 3 scrolls of vulnerability
 I - 4 scrolls of enchant weapon
 N - 2 scrolls of blinking
 Q - 7 scrolls of identify
 X - a scroll of amnesia
Potions
 i - 2 potions of cancellation
 l - 5 potions of curing
 n - 2 potions of flight
 q - 3 potions of brilliance
 r - 3 potions of haste
 t - 2 potions of attraction
 z - 2 potions of ambrosia
 E - 2 potions of lignification
 S - a potion of magic
 U - a potion of might
Miscellaneous
 j - a phial of floods (inert)
 u - a lightning rod (3/4)
 L - a tin of tremorstones (1/2)
 P - a phantom mirror (inert)


   Skills:
 + Level 8.9 Fighting
 + Level 11.7 Short Blades
 + Level 14.0 Dodging
 + Level 19.8 Stealth
 + Level 16.1 Spellcasting
 + Level 16.3 Hexes


You had 36 spell levels left.
You knew the following spells:

 Your Spells              Type           Power      Damage    Failure   Level
a - Ensorcelled Hibernat  Hex/Ice        82%        N/A       1%          2
b - Tukima's Dance        Hex            62%        N/A       1%          3
c - Dazzling Flash        Conj/Hex       82%        N/A       1%          3
d - Poisonous Vapours     Pois/Air       26%        N/A       7%          2

Your spell library contained the following spells:

 Spells                   Type           Power      Damage    Failure   Level
 Slow                     Hex            100%       N/A       0%          1
 Confusing Touch          Hex            62%        N/A       1%          3
 Portal Projectile        Hex/Tloc       82%        N/A       1%          3
 Leda's Liquefaction      Hex/Erth       20%        N/A       1%          4
 Sandblast                Erth           26%        2d8       4%          1
 Silence                  Hex/Air        20%        N/A       4%          5
 Yara's Violent Unravell  Hex/Tmut       20%        3d9       4%          5
 Corpse Rot               Necr/Air       26%        N/A       7%          2
 Passwall                 Tmut/Erth      10%        N/A       7%          2
 Scorch                   Fire           26%        2d6       7%          2
 Call Canine Familiar     Summ           13%        N/A       14%         3
 Frozen Ramparts          Ice            26%        1d4       14%         3
 Spider Form              Tmut/Pois      13%        N/A       14%         3
 Stone Arrow              Conj/Erth      26%        3d8       14%         3
 Airstrike                Air            6%         N/A       41%         4
 Flame Wave               Conj/Fire      13%        2d5       41%         4
 Ice Form                 Ice/Tmut       13%        N/A       41%         4
 Olgreb's Toxic Radiance  Pois           13%        N/A       41%         4
 Passage of Golubria      Tloc           13%        N/A       41%         4
 Summon Ice Beast         Ice/Summ       13%        N/A       41%         4
 Summon Lightning Spire   Summ/Air       13%        N/A       41%         4
 Lightning Bolt           Conj/Air       6%         1d18      77%         5
 Summon Cactus Giant      Summ           6%         N/A       100%        6
 Ozocubu's Refrigeration  Ice            6%         4d6       100%        7
 Ignition                 Fire           6%         3d4       100%        8
 Lehudib's Crystal Spear  Conj/Erth      6%         10d3      100%        8


Dungeon Overview and Level Annotations

Branches:
Dungeon (15/15)            Temple (1/1) D:7            Lair (6/6) D:9
  Swamp (0/4) Lair:3       Spider (0/4) Lair:4        Slime (0/5) Lair:5
    Orc (2/2) D:9             Elf (0/3) Orc:2        Vaults (0/5) D:13
 Depths (0/4) D:15         Bailey (visited)         Volcano (visited)
Gauntlet (visited)

Altars:
Ashenzari
Cheibriados
Dithmenos
Elyvilon
Fedhas
Gozag
Hepliaklqana
Kikubaaqudgha
Makhleb
Nemelex Xobeh
Okawaru
Qazlal
Ru
Sif Muna
Trog
Uskayaw
Vehumet
Wu Jian
Xom
Yredelemnul
Zin
The Shining One
Jiyva
Lugonu

Shops:
D:10 **

Portals:
Abyss: Lair:1

Annotations:
Lair:1 3 runed translucent doors, Gaetsek's ghost, journeyman GnDe; Illaamak's ghost, journeyman GnAK; Zuwoupta's ghost, journeyman HuAr
Lair:3 1 runed translucent door, Gelon's ghost, journeyman TeAE


Innate Abilities, Weirdness & Mutations

You are very small and have problems with some larger weapons.
You are too small for most types of armour.
You have supernaturally acute eyesight. (SInv)
You cover ground extremely quickly. (Speed+++)
You tend to lose your temper in combat.
You are frail. (-10% HP)


Message History

Casting: Tukima's Dance (safe; 1% risk of failure)
Confirm with . or Enter, or press ? or * to list all spells.
Aiming: Tukima's Dance (safe; 1% risk of failure)
Press: ? - help, Shift-Dir - straight line, f - orc warrior, p - orc priest
Aim: an orc warrior, wielding a +2 trident of freezing and wearing a +0 plate armour (umbra, chance to affect: 77%)
The orc priest's hands twitch.
The orc warrior completely misses your +0 trident.
The orc completely misses you.
Casting: Tukima's Dance (safe; 1% risk of failure)
Confirm with . or Enter, or press ? or * to list all spells.
Aiming: Tukima's Dance (safe; 1% risk of failure)
Press: ? - help, Shift-Dir - straight line, f/p - orc warrior
Aim: an orc warrior, wielding a +2 trident of freezing and wearing a +0 plate armour (umbra, chance to affect: 77%)
The orc priest's hands twitch.
An orc comes into view.
It is wielding a +0 dagger and wearing a +0 chain mail of poison resistance.
The orc priest invokes the aid of Beogh against you.
Beogh smites you!
* * * LOW HITPOINT WARNING * * *
Your +0 trident hits the orc priest but does no damage.
The orc warrior hits your +0 trident with a +2 trident of freezing!
An orc priest comes into view. It is wielding a +0 short sword.
The orc completely misses you.
Your +0 dagger hits the orc!
Your +2 flail of venom hits the orc!
The orc dies!
Dithmenos accepts your kill.
Unknown command.
Unknown command.
You are too injured to fight recklessly!
Unknown command.
You are too injured to fight recklessly!
Unknown command.
You are too injured to fight recklessly!
Unknown command.
You are too injured to fight recklessly!
Unknown command.
You recover from your berserk rage.
Your +0 dagger falls from the air.
The orc priest invokes the aid of Beogh against you.
Beogh smites you!
You die...

.....##....[.....#........##
......#...#))...##.......##
....)†....#......#......##
#........####.)........##
#.........# #.......##.##
##.......## ##.........<#
##.....## ###..)......##
###.### #.##[.......## ...#
#..))@.......## #.##
###..)([#..)....## .#
###....o(.#........#
#.......####........#
###..(..###........##
##o.).)#........##
#o#..)......#..##
..o..#........#.##
...o##......##.##


You could see 2 orc warriors, an orc priest (ally target), an orc and 2 friendly
dancing weapons.

Vanquished Creatures
  Frances (D:14)
  3 acid blobs (Lair:5)
  Donald (Orc:2)
  A dire elephant (D:15)
  A minotaur (Gauntlet)
  Snorg (D:12)
  2 fire dragons
  12 hydras
  Erolcha (Orc:1)
  2 boulder beetles
  4 centaur warriors
  2 ogre magi (D:15)
  A catoblepas (Lair:6)
  11 two-headed ogres
  An alligator (Lair:5)
  10 death yaks
  Urug (D:13)
  A tengu warrior (D:9)
  2 lindwurms (Lair:6)
  A deep elf pyromancer (D:13)
  3 orc knights
  A manticore (D:15)
  A salamander (shapeshifter) (D:15)
  6 cyclopes
  8 ugly things
  3 salamanders (Volcano)
  13 elephants
  9 black mambas
  A black mamba (shapeshifter) (D:14)
  2 molten gargoyles (Lair:6)
  Psyche (D:11)
  A gargoyle (D:12)
  13 cane toads
  A rime drake (shapeshifter) (D:15)
  2 efreet (D:15)
  17 komodo dragons
  A freezing wraith (D:12)
  2 kobold demonologists
  A rime drake (Lair:6)
  A tengu conjurer (D:13)
  5 trolls
  A wolf spider simulacrum (D:15)
  A tyrant leech (Lair:5)
  4 polar bears
  7 dream sheep
  11 slime creatures
  23 blink frogs
  10 fire bats (Volcano)
  6 wyverns
  3 wraiths
  A basilisk (shapeshifter) (D:15)
  16 humans (D:13)
  49 yaks
  5 basilisks
  3 steam dragons
  3 vampire mosquitoes (D:9)
  Grum (D:8)
  5 swamp worms (Lair:5)
  2 acid dragons
  A warg (Orc:1)
  6 hell hounds
  Duvessa (D:7)
  A swamp drake (Lair:5)
  13 water moccasins
  A black bear (D:4)
  14 orc warriors
  10 ogres
  10 centaurs
  23 wolves
  2 phantoms (D:6)
  3 kobold brigands
  10 bullfrogs
  5 scorpions
  A water moccasin zombie (D:5)
  Dowan (D:7)
  2 water moccasin skeletons
  8 killer bees
  3 wights (D:8)
  2 electric eels
  5 centaur zombies
  5 lava snakes (Lair:6)
  3 hounds
  15 orc priests
  A jelly (D:5)
  5 iguanas
  Ijyb (D:4)
  Jessica (D:2)
  2 bullfrog skeletons
  A scorpion zombie (D:3)
  13 orc wizards
  4 hell rats (Lair:6)
  A killer bee zombie (D:7)
  4 howler monkey zombies
  2 hound skeletons
  8 gnolls
  5 adders
  A shadow imp (D:6)
  2 white imps
  5 ufetubi
  An adder zombie (D:5)
  An adder skeleton (D:4)
  5 dart slugs
  34 orcs
  8 ball pythons
  6 bats
  5 endoplasms
  2 giant cockroaches
  5 goblins
  8 hobgoblins
  3 jackals (D:4)
  14 kobolds
  7 quokkas
  6 frilled lizards
  6 rats
  A lurking horror (Lair:1)
615 creatures vanquished.

Vanquished Creatures (collateral kills)
  Harold (D:7)
  2 two-headed ogres
  A molten gargoyle (Lair:6)
  11 orc warriors
  3 ogres
  A scorpion (D:6)
  A wyvern skeleton (D:6)
  10 wights
  A centaur zombie (D:7)
  A bullfrog zombie (D:6)
  2 orc priests (Orc:2)
  2 orc wizards (D:10)
  A howler monkey zombie (D:9)
  4 gnolls
  13 orcs
  A hobgoblin (D:3)
  A kobold (D:3)
56 creatures vanquished.

Vanquished Creatures (others)
  16 dancing weapons
  7 bushes (Lair:6)
  54 fungi
  99 plants
  4 withered plants (Lair:1)
180 creatures vanquished.

Grand Total: 851 creatures vanquished

Notes
Turn   | Place    | Note
-------+----------+-------------------------------------------
     0 | D:1      | klvnl the Spriggan Enchanter began the quest for the Orb.
     0 | D:1      | Reached XP level 1. HP: 9/9 MP: 5/5
   184 | D:1      | Reached XP level 2. HP: 13/13 MP: 7/7
   187 | D:1      | Learned a level 2 spell: Ensorcelled Hibernation
   464 | D:1      | Found a faded altar of an unknown god.
   738 | D:1      | Reached XP level 3. HP: 12/16 MP: 1/9
   742 | D:1      | Learned a level 3 spell: Tukima's Dance
   746 | D:1      | Learned a level 3 spell: Dazzling Flash
  1773 | D:2      | Noticed Jessica
  1778 | D:2      | Killed Jessica
  1779 | D:2      | Reached XP level 4. HP: 21/21 MP: 8/11
  1810 | D:2      | Reached skill level 5 in Hexes
  3591 | D:3      | You fall into a shaft and drop 3 floors!
  3592 | D:6      | Noticed a bullfrog
  3600 | D:6      | Killed a bullfrog
  3601 | D:6      | Reached skill level 5 in Spellcasting
  3601 | D:6      | Reached XP level 5. HP: 14/24 MP: 3/13
  3876 | D:5      | Entered Level 5 of the Dungeon
  4006 | D:4      | Noticed a black bear
  4030 | D:4      | Gained mutation: You expend magic power (3 MP) to
                  | strengthen your wands. [potion of mutation]
  4030 | D:4      | Gained mutation: You have large cloven feet. [potion of
                  | mutation]
  4238 | D:3      | Learned a level 2 spell: Poisonous Vapours
  4652 | D:4      | Noticed Ijyb
  4663 | D:4      | Killed Ijyb
  4664 | D:4      | Reached skill level 5 in Stealth
  4667 | D:4      | Reached XP level 6. HP: 28/28 MP: 11/15
  5313 | D:4      | Reached skill level 6 in Stealth
  5511 | D:5      | Reached XP level 7. HP: 32/32 MP: 7/17
  5812 | D:5      | Reached skill level 7 in Stealth
  6804 | D:5      | Reached skill level 8 in Stealth
  6804 | D:5      | Reached XP level 8. HP: 36/36 MP: 14/20
  7523 | D:6      | Reached skill level 9 in Stealth
  7940 | D:6      | Reached skill level 10 in Stealth
  8230 | D:6      | Reached XP level 9. HP: 39/39 MP: 22/22
  8357 | D:6      | Reached skill level 11 in Stealth
  8493 | D:6      | Reached skill level 10 in Hexes
  8763 | D:7      | Noticed Duvessa
  8766 | D:7      | Noticed Dowan
  8783 | D:7      | Killed Duvessa
  8808 | D:7      | Killed Dowan
  8809 | D:7      | Reached skill level 10 in Spellcasting
  9123 | D:7      | Noticed Harold
  9135 | D:7      | Killed Harold
  9136 | D:7      | Reached skill level 12 in Stealth
  9306 | D:7      | Found a staircase to the Ecumenical Temple.
  9319 | Temple   | Entered the Ecumenical Temple
  9484 | Temple   | Became a worshipper of Dithmenos the Shadowed
  9801 | D:7      | Reached XP level 10. HP: 25/44 MP: 25/25
 10084 | D:8      | Noticed Grum
 10195 | D:8      | Killed Grum
 10208 | D:8      | Reached skill level 1 in Fighting
 10434 | D:8      | Found a flagged portal.
 10520 | Bailey   | Entered a bailey
 10520 | Bailey   | Noticed an orc knight
 10520 | Bailey   | Noticed an orc knight
 10536 | Bailey   | Killed an orc knight
 10537 | Bailey   | Reached skill level 13 in Stealth
 10553 | Bailey   | Reached * piety under Dithmenos
 10798 | Bailey   | Killed an orc knight
 11115 | Bailey   | Reached skill level 5 in Dodging
 11499 | D:8      | Found a glowing silver altar of Zin.
 11718 | D:9      | Reached XP level 11. HP: 50/51 MP: 17/27
 11779 | D:9      | Noticed a tengu warrior
 11801 | D:9      | Killed a tengu warrior
 12059 | D:9      | Found the +27 Lear's hauberk
 12133 | D:9      | Found a staircase to the Lair.
 12417 | D:9      | Reached skill level 14 in Stealth
 12579 | D:9      | Identified the +8 dagger of the Wasp {vorpal, Dex+7}
 12734 | D:9      | Found a staircase to the Orcish Mines.
 12840 | D:9      | Reached ** piety under Dithmenos
 13172 | D:10     | Entered Level 10 of the Dungeon
 13212 | D:10     | Noticed a seven-headed hydra
 13217 | D:10     | Killed a seven-headed hydra
 13436 | D:10     | Found Minna's General Store.
 13438 | D:10     | Found Nymeg's Specific Store.
 13446 | D:10     | Bought a scroll of teleportation for 30 gold pieces
 13587 | D:10     | Reached skill level 5 in Short Blades
 13902 | D:10     | Noticed a two-headed ogre
 13917 | D:10     | Killed a two-headed ogre
 14077 | D:10     | Noticed a sun demon
 14446 | D:11     | Noticed Psyche
 14458 | D:11     | Killed Psyche
 14574 | D:11     | Noticed a boulder beetle
 14581 | D:11     | Killed a boulder beetle
 15307 | D:12     | Noticed a two-headed ogre
 15319 | D:12     | Killed a two-headed ogre
 15320 | D:12     | Reached skill level 15 in Stealth
 15320 | D:12     | Reached XP level 12. HP: 58/58 MP: 25/29
 16138 | D:12     | Reached *** piety under Dithmenos
 16251 | D:12     | Noticed Snorg
 16258 | D:12     | Killed Snorg
 16303 | D:12     | Reached skill level 5 in Fighting
 16578 | D:13     | Noticed Urug
 16578 | D:13     | Noticed a centaur warrior
 16578 | D:13     | Noticed a two-headed ogre
 16578 | D:13     | Found a gate to the Vaults.
 16774 | D:13     | Killed Urug
 16781 | D:13     | Found a gate leading to a gauntlet.
 16789 | Gauntlet | Entered a Gauntlet
 16789 | Gauntlet | Noticed a catoblepas
 16789 | Gauntlet | Found a transporter.
 16789 | Gauntlet | Found a transporter.
 16831 | Gauntlet | Found a transporter.
 16833 | Gauntlet | Found a transporter.
 16834 | Gauntlet | Found a transporter.
 16846 | Gauntlet | Found a transporter.
 16848 | Gauntlet | Found a transporter.
 16858 | Gauntlet | Found a transporter.
 16863 | Gauntlet | Found a transporter.
 16885 | Gauntlet | Found a transporter.
 16887 | Gauntlet | Found a transporter.
 16897 | Gauntlet | Found a transporter.
 16901 | Gauntlet | Found the ring of the Hare {EV+8}
 17170 | Gauntlet | Noticed a minotaur
 17186 | Gauntlet | Killed a minotaur
 17274 | D:13     | Killed a centaur warrior
 17381 | D:13     | Reached skill level 16 in Stealth
 17384 | D:13     | Killed a two-headed ogre
 17657 | D:13     | Noticed a five-headed hydra
 17661 | D:13     | Killed a five-headed hydra
 17779 | D:13     | Found an iron altar of Okawaru.
 17796 | D:13     | Identified the +1 falchion of Aschej {vorpal, MP+9 Dex+5}
 17843 | D:13     | Reached XP level 13. HP: 65/65 MP: 31/31
 18732 | D:14     | Noticed Frances
 18740 | D:14     | Killed Frances
 18858 | D:14     | Found a sparkling altar of Nemelex Xobeh.
 18860 | D:14     | Found a shimmering altar of Xom.
 18860 | D:14     | Found a shimmering altar of Xom.
 18862 | D:14     | Found a glowing golden altar of the Shining One.
 18862 | D:14     | Found an opulent altar of Gozag.
 18862 | D:14     | Found a white marble altar of Elyvilon.
 19130 | D:14     | Reached skill level 10 in Dodging
 19644 | D:14     | Lost mutation: You expend magic power (3 MP) to strengthen
                  | your wands. [potion of mutation]
 19644 | D:14     | Lost mutation: You have large cloven feet. [potion of
                  | mutation]
 19644 | D:14     | Gained mutation: Your magical capacity is low. (-10% MP)
                  | [potion of mutation]
 19644 | D:14     | Gained mutation: Your flesh is cold resistant. (rC+)
                  | [potion of mutation]
 19644 | D:14     | Gained mutation: You have hidden genetic potential. [potion
                  | of mutation]
 19645 | D:14     | Lost mutation: Your magical capacity is low. (-10% MP)
                  | [potion of mutation]
 19645 | D:14     | Lost mutation: You have hidden genetic potential. [potion
                  | of mutation]
 19645 | D:14     | Gained mutation: You are clumsy. (Dex -2) [potion of
                  | mutation]
 19645 | D:14     | Gained mutation: You have sharp toenails. [potion of
                  | mutation]
 19646 | D:14     | Lost mutation: You have sharp toenails. [potion of
                  | mutation]
 19646 | D:14     | Lost mutation: Your flesh is cold resistant. (rC+) [potion
                  | of mutation]
 19646 | D:14     | Gained mutation: You are partially covered in iridescent
                  | scales. (AC +2) [potion of mutation]
 19646 | D:14     | Lost mutation: You are clumsy. (Dex -2) [potion of
                  | mutation]
 19646 | D:14     | Gained mutation: You are dopey. (Int -2) [potion of
                  | mutation]
 19647 | D:14     | Lost mutation: You are dopey. (Int -2) [potion of mutation]
 19647 | D:14     | Lost mutation: You are partially covered in iridescent
                  | scales. (AC +2) [potion of mutation]
 19647 | D:14     | Gained mutation: You tend to lose your temper in combat.
                  | [potion of mutation]
 19647 | D:14     | Gained mutation: Your spells are a little harder to cast,
                  | but a little more powerful. [potion of mutation]
 19647 | D:14     | Gained mutation: Armour fits poorly on your strangely
                  | shaped body. [potion of mutation]
 19871 | Lair:1   | Entered Level 1 of the Lair of Beasts
 19878 | Lair:1   | Found a one-way gate to the infinite horrors of the Abyss.
 19878 | Lair:1   | Found a corrupted altar of Lugonu.
 20085 | Lair:1   | You fall into a shaft and drop 1 floor!
 20470 | Lair:2   | Reached **** piety under Dithmenos
 20598 | Lair:1   | Found a runed translucent gate.
 20599 | Lair:1   | Found a runed translucent gate.
 20599 | Lair:1   | Found a runed translucent gate.
 20600 | Lair:1   | Noticed Gaetsek's ghost (journeyman GnDe)
 20601 | Lair:1   | Noticed Zuwoupta's ghost (journeyman HuAr)
 20602 | Lair:1   | Noticed Illaamak's ghost (journeyman GnAK)
 20871 | Lair:1   | Identified the +11 rapier "Spriggan's Death" {elec, Fragile
                  | rN+ rCorr Dex+4}
 22077 | Lair:2   | Reached skill level 17 in Stealth
 22731 | Lair:3   | Found a runed translucent door.
 22738 | Lair:3   | Noticed Gelon's ghost (journeyman TeAE)
 22816 | Lair:3   | Found a staircase to the Swamp.
 23302 | D:10     | Bought a scroll of enchant armour for 75 gold pieces
 23302 | D:10     | Bought a potion of mutation for 80 gold pieces
 23302 | D:10     | Lost mutation: Your spells are a little harder to cast, but
                  | a little more powerful. [potion of mutation]
 23302 | D:10     | Lost mutation: Armour fits poorly on your strangely shaped
                  | body. [potion of mutation]
 23302 | D:10     | Gained mutation: You are frail. (-10% HP) [potion of
                  | mutation]
 23504 | Lair:4   | Reached ***** piety under Dithmenos
 23505 | Lair:4   | Reached XP level 14. HP: 63/63 MP: 31/33
 24195 | Lair:4   | Found a hole to the Spider Nest.
 24645 | Lair:5   | Found a runed translucent door.
 24646 | Lair:5   | Found a viscous altar of Jiyva.
 24647 | Lair:5   | Noticed an acid blob
 24647 | Lair:5   | Noticed an acid blob
 24662 | Lair:5   | Found a staircase to the Slime Pits.
 24662 | Lair:5   | Noticed an acid blob
 24667 | Lair:5   | Killed an acid blob
 24668 | Lair:5   | Killed an acid blob
 24669 | Lair:5   | Killed an acid blob
 24793 | Lair:5   | Identified the ring "Odexop" {AC+4 Str-4 Dex+4 SInv}
 25016 | Lair:5   | Reached skill level 18 in Stealth
 25211 | Lair:5   | Reached skill level 10 in Short Blades
 25211 | Lair:5   | Reached skill level 15 in Hexes
 25839 | Lair:6   | Entered Level 6 of the Lair of Beasts
 25953 | Lair:6   | Identified the amulet "Fibburir" {RegenMP Str+4}
 26496 | Lair:6   | Reached skill level 15 in Spellcasting
 27284 | Lair:6   | Found a large runed translucent door.
 27284 | Lair:6   | Found a large runed translucent door.
 27695 | Lair:6   | Reached XP level 15. HP: 58/69 MP: 31/35
 27843 | Lair:6   | Reached ****** piety under Dithmenos
 28332 | Lair:6   | Reached skill level 19 in Stealth
 28936 | Orc:1    | Entered Level 1 of the Orcish Mines
 29497 | Orc:1    | Noticed Erolcha
 29499 | Orc:1    | Killed Erolcha
 29569 | Orc:2    | Entered Level 2 of the Orcish Mines
 29620 | Orc:2    | Found a staircase to the Elven Halls.
 29906 | Orc:2    | Found a dark tunnel.
 29917 | Volcano  | Entered a volcano
 30536 | Orc:2    | Noticed Donald
 30837 | D:15     | Entered Level 15 of the Dungeon
 31278 | D:15     | Found a staircase to the Depths.
 32099 | Orc:2    | Killed Donald
 32350 | Orc:2    | Killed from afar by an orc priest

Illustrated notes

Levels and vault maps discovered:
D:1:      nicolae_arrival_washed_ashore, layout_loops_ring,
          dreamdust_ecumenical_altar_grove
D:2:      layout_loops_corners, uniq_jessica
D:3:      layout_rooms
D:4:      layout_rooms, chequers_serial_rivers_large_a, uniq_ijyb
D:5:      layout_loops_ring
D:6:      minmay_opposing_rooms, layout_cave_pools
D:7:      layout_basic, minmay_temple_entry_trees, minmay_misc_feat_nine_boxes,
          uniq_harold, uniq_duvessa
D:8:      layout_cave_pools, zin_treasury, enter_bailey_6, uniq_grum
D:9:      layout_loops_corners, lair_entry_dummy, orc_0_dummy,
          hellmonk_guarded_unrand_lears
D:10:     layout_stronghold, minivault_27, amcnicky_mini_corridor_feature,
          nicolae_specific_store
D:11:     layout_grid_maze, kennysheep_decorative_pillar, uniq_psyche
D:12:     layout_irregular_city, drop_trap, lemuel_freeze_loot_1, uniq_snorg
D:13:     layout_layer_cave, david_vaults_3, gauntlet_entry_generic,
          okawaru_ov_weapons_minmay
D:14:     layout_stronghold, hangedman_decor_lopped, doesnt_xom_only_xom,
          uniq_frances
D:15:     hangedman_depths_entry_try_elsewhere_first, layout_cross, minivault_27
Temple:   mainiacjoe_temple_hex_bubbles
Lair:1:   layout_roguey, gammafunk_ghost_cemetery,
          amcnicky_altar_lugonu_corruption
Lair:2:   layout_small_grid
Lair:3:   layout_chaotic_city, swamp_mist_pool, gammafunk_ghost_grave,
          grunt_megastairs_3, serial_bayou_shore_a
Lair:4:   layout_small_grid, spider_nest_entry_web_field
Lair:5:   onia_ninara_swampy_vault, layout_cave_shapes, slime_altar_2,
          nicolae_quartered_pool_medium, hangedman_lair_unloving_vines
Lair:6:   cheibrodos_lair_end_hotspot, layout_long_grid, minivault_11,
          st_stairs_10
Orc:1:    layout_caves, statue_in_the_mist_lemuel, uniq_erolcha
Orc:2:    st_orc_pillars, layout_diamond_mine, enter_volcano_3, uniq_donald

Skill      XL: |  1  2  3  4  5  6  7  8  9 10 11 12 13 14 15 |
---------------+----------------------------------------------+-----
Spellcasting   | 3 4 5 6 7 8 10 11 12 13 14 15 16 | 16.1
Hexes          | 4 5 6 7 8 9 10 11 12 13 14 15 16 | 16.3
Stealth        | 5 6 8 10 12 13 15 16 17 18 19 | 19.8
Dodging        | 5 7 9 11 12 14 | 14.0
Fighting       | 2 4 5 6 8 |  8.9
Short Blades   | 4 6 7 9 10 11 | 11.7

Action                   |  1- 3 |  4- 6 |  7- 9 | 10-12 | 13-15 || total
-------------------------+-------+-------+-------+-------+-------++-------
Melee: Dagger            |   110 |   156 |    77 |   198 |   687 ||  1228
       Kick              |       |    14 |    49 |    94 |     5 ||   162
       Short sword       |       |    20 |   147 |   228 |       ||   395
Throw: Throwing net      |       |       |       |       |     6 ||     6
 Cast: Ensorcelled Hiber |     8 |    17 |    37 |    94 |   270 ||   426
       Tukima's Dance    |       |     6 |     9 |    35 |    54 ||   104
       Poisonous Vapours |       |     4 |       |       |     2 ||     6
       Dazzling Flash    |       |       |     3 |       |    32 ||    35
Invok: Shadow Step       |       |       |       |     1 |     6 ||     7
Evoke: Wand              |       |     5 |    11 |     9 |    26 ||    51
       Lightning rod     |       |       |       |     7 |     4 ||    11
       Tin of tremorston |       |       |       |     2 |     4 ||     6
       Phantom mirror    |       |       |       |     1 |     3 ||     4
       Phial of floods   |       |       |       |     1 |     3 ||     4
  Use: Scroll            |       |     9 |     5 |    10 |    14 ||    38
       Potion            |       |     3 |     1 |     8 |    11 ||    23
 Stab: Sleeping          |    22 |    18 |    40 |    84 |   210 ||   374
       Invisible         |       |     1 |       |     5 |    28 ||    34
       Distracted        |       |       |     2 |       |    13 ||    15
       Paralysed         |       |       |       |     1 |       ||     1
       Petrified         |       |       |       |       |     1 ||     1
Armor: Robe              |    12 |    18 |     7 |    50 |    29 ||   116
Dodge: Dodged            |    73 |   159 |   158 |   506 |   845 ||  1741

Table legend: (Time is in decaauts)
 A = Elapsed time spent in this place.
 B = Non-inter-level travel time spent in this place.
 C = Inter-level travel time spent in this place.
 D = Time resting spent in this place.
 E = Time spent auto-exploring this place.
 F = Levels seen in this place.
 G = Mean time per level.
                   A        B        C        D        E       F      G
               +--------+--------+--------+--------+--------+-----+--------+
         Total |  24798 |  23717 |   1081 |   5738 |  13138 |  27 |  918.4 |
       Dungeon |  15596 |  14829 |    767 |   3894 |   8126 |  15 | 1039.7 |
        Temple |    120 |    109 |     11 |      0 |    103 |   1 |  120.0 |
          Lair |   6754 |   6478 |    276 |   1176 |   4077 |   6 | 1125.7 |
  Orcish Mines |   1108 |   1083 |     25 |    159 |    565 |   2 |  554.0 |
        Bailey |    576 |    576 |      0 |    446 |      7 |   1 |  576.0 |
       Volcano |    354 |    354 |      0 |     62 |    136 |   1 |  354.0 |
      Gauntlet |    288 |    288 |      0 |      0 |    122 |   1 |  288.0 |
               +--------+--------+--------+--------+--------+-----+--------+

Top non-repeatable levels by time:
  Lair:5: 1855 daAuts
  Lair:6: 1733 daAuts
     D:2: 1695 daAuts
     D:9: 1477 daAuts
     D:5: 1443 daAuts
     D:6: 1298 daAuts
    D:12: 1148 daAuts
    D:13: 1075 daAuts
     D:1: 998 daAuts
     D:7: 959 daAuts
    D:10: 955 daAuts
  Lair:2: 881 daAuts
    D:14: 861 daAuts
     D:4: 857 daAuts
     D:3: 838 daAuts
